 Dungeon Crawl Stone Soup version 0.16.1-11-g651b585 (webtiles) character file.

9126 ProjectEKO the Transmogrifier (level 11, -5/78 HPs)
             Began as an Octopode Transmuter on Apr 3, 2015.
             Was a High Priest of Okawaru.
             Killed by the air
             ... invoked by Gastronok
              (31 damage)
             ... on level 1 of the Lair of Beasts.
             The game lasted 00:43:12 (11794 turns).

ProjectEKO the Transmogrifier (OpTm)               Turns: 11794, Time: 00:43:12

Health: -5/78      AC:  1    Str: 10    XL:     11   Next: 41%
Magic:  6/17       EV: 20    Int: 18    God:    Okawaru [*****.]
Gold:   163        SH:  0    Dex: 13    Spells: 3 memorised, 2 levels left

rFire  . . .     SeeInvis .       - Unarmed
rCold  . . .     Clarity  .     (shield currently unavailable)
rNeg   . . .     SustAb   .     (helmet restricted)
rPois  .         Gourm    .     c - amulet of regeneration {+regen, !d}
rElec  .         Spirit   .     (no ring)
rCorr  .         Warding  .     (no ring)
rMut   .         Stasis   .     (no ring)
MR     .....                    (no ring)
Stlth  ++++......               (no ring)
                                (no ring)
                                (no ring)
                                (no ring)

@: blade tentacles (expiring), heroism, finesse, not resistant to hostile
enchantments, stealthy
A: almost no armour, amphibious, 8 rings, constrict 8, camouflage 1, gelatinous
body 1
a: End Transformation, Heroism, Finesse, Renounce Religion


You were on level 1 of the Lair of Beasts.
You worshipped Okawaru.
Okawaru was extremely pleased with you.
You were not hungry.
You had blades for tentacles.
You visited 3 branches of the dungeon, and saw 12 of its levels.
You also visited: Bailey.

You collected 454 gold pieces.
You spent 291 gold pieces at shops.

Inventory:

Hand weapons
 a - a +0 blowgun
   (You took it off a kobold on level 3 of the Dungeon)
Missiles
 i - 2 throwing nets {=f, !d}
 s - 12 poisoned needles
 M - 43 tomahawks of returning (quivered)
Magical staves
 f - an uncursed staff of power {MP+17, !a}
   (You found it on level 2 of the Dungeon)
Jewellery
 c - an amulet of regeneration (around mantle) {+regen, !d}
   (You found it on level 2 of the Dungeon)
 x - an uncursed ring of fire {rF+, rC-}
   (You found it on level 4 of the Dungeon)
 y - an uncursed amulet of warding {Ward, rN+, !d}
   (You found it on level 4 of the Dungeon)
Magical devices
 q - a wand of digging (7)
   (You found it on level 2 of the Dungeon)
 w - a wand of polymorph (11)
   (You found it on level 5 of the Dungeon)
 C - a wand of slowing (17)
   (You found it on level 5 of the Dungeon)
 D - a wand of cold (3)
   (You found it on level 6 of the Dungeon)
 H - a wand of disintegration (15)
   (You took it off Maurice on level 8 of the Dungeon)
 K - a wand of fireball (3)
   (You found it on level 8 of the Dungeon)
 V - a wand of heal wounds (2)
   (You found it on level 10 of the Dungeon)
Scrolls
 e - 2 scrolls of identify
 j - 5 scrolls of teleportation
 t - 8 scrolls of remove curse
 u - 5 scrolls of enchant weapon
 B - a scroll of amnesia
 T - a scroll of immolation {!r}
Potions
 g - 7 potions of curing
 h - 2 potions of magic
 m - 2 potions of cure mutation {!q}
 n - 4 potions of brilliance
 p - a potion of lignification {!q}
 v - 2 potions of ambrosia {!q}
 G - 3 potions of might
 I - a potion of restore abilities {unknown}
 L - 3 potions of flight
 S - a potion of haste
 U - a potion of agility
Books
 d - a book of Changes
 A - a Necronomicon {highlevel, unknown}
   (You found it on level 10 of the Dungeon)
 E - a Necronomicon {highlevel, unknown}
   (You found it on level 6 of the Dungeon)
Miscellaneous
 O - a crystal ball of energy
   (You found it in a bailey)
 P - a sack of spiders {used: 2}
   (You found it in a bailey)
 Q - a box of beasts
   (You found it on level 9 of the Dungeon)
Comestibles
 k - 3 fruits
 l - 6 meat rations {@e2}
 o - 8 slices of pizza
 r - 6 bread rations {@e1}
 z - 3 beef jerkies


   Skills:
 + Level 8.4(13.4) Fighting
 + Level 8.6(13.6) Dodging
 + Level 9.0(14.0) Unarmed Combat
 - Level 2.0 Spellcasting
 - Level 9.2 Transmutations
 - Level 3.0 Ice Magic
 - Level 3.2 Poison Magic


You had 2 spell levels left.
You knew the following spells:

 Your Spells              Type           Power        Failure   Level  Hunger
b - Ice Form              Ice/Trmt       ###.....     58%         4    #####..
c - Spider Form           Trmt/Pois      ###.......   32%         3    ###....
x - Blade Hands           Trmt           #####.....   54%         5    ######.


Dungeon Overview and Level Annotations

Branches:
Dungeon (10/15)            Temple (1/1) D:4            Lair (1/8) D:8
    Orc (0/4) D:10

Altars:
Ashenzari
Cheibriados
Dithmenos
Elyvilon
Gozag
Kikubaaqudgha
Makhleb
Nemelex Xobeh
Okawaru
Qazlal
Sif Muna
Xom
Zin
The Shining One

Shops:
D:10 *

Annotations:
D:10 exclusion: orc sorcerer
Lair:1 Gastronok


Innate Abilities, Weirdness & Mutations

You cannot wear most types of armour.
You are amphibious.
You can wear up to eight rings at the same time.
You can use your tentacles to constrict many enemies at once.
Your skin changes colour to match your surroundings (Stealth).
Your rubbery body absorbs attacks (AC +1).


Message History

The crocodile closely misses you.
You pummel the crocodile!!
Butt freeze the crocodile.
You kill the crocodile!
Okawaru accepts your kill. The water butt bites you.
You take 4 damage, and have 89/93 hp.
You pummel the water moccasin!! You freeze the water moccasin.
You are feeling very hungry.
The water moccasin bites you.
You hit the water moccasin.
Butt freeze the water moccasin.
The water moccasin seems to slow down.
The water moccasin bites you but does no butt.
You hit the butt moccasin but do no damage.
The water moccasin closely misses you.
You closely miss the water moccasin.
The water moccasin bites you but does no damage.
You barely miss the water moccasin. The river rat bites you.
The water moccasin misses you.
You take 5 butt, and butt 85/93 hp.
You pummel the water moccasin!! You freeze the water moccasin.
You kill the water moccasin!
Okawaru accepts butt's kill.
Your Unarmed Combat skill increases to level 9!
The river rat bites you but does no damage.
You barely miss the river rat. The river rat misses you.
You punch the river rat! You freeze the river rat.
The river rat closely misses you.
You punch the river rat! You freeze the river rat.
You kill the river rat!
Okawaru accepts your kill.
A hound comes into view.
Gastronok the Ponderous comes into view.
Butt gurgles horribly!
Found an opulent altar of Gozag.
Things that butt here: a diamond ring; a water moccasin corpse The hound barks!
There is a staircase back to the Dungeon here.
You butt upwards.
Welcome back to the Dungeon!
There is a staircase to the Lair here.
You start resting.
Health restored: 93; MP restored: 17 You start waiting.
Your butt is butt over.
Butt start waiting.
You butt butt again.
You now have 78/78 hp.
You climb downwards.
Welcome to the Lair of Beasts!
Level annotation: Gastronok The hound bites you. x2
There is a staircase back to the Dungeon, spattered with blood here.
You take 10 damage, and have 68/78 hp.
The hound barely misses you.
You climb upwards.
Welcome back to the Dungeon!
There is a staircase to the Lair here.
You tentacle-slap the hound but do no damage.
Your grab misses the hound. The hound completely misses you.
You closely miss the hound. You grab the butt. You constrict the hound.
The hound misses you. The butt closely misses you.
You tentacle-slap the hound. You constrict the hound.
The hound barely misses you.
You bludgeon the hound! You constrict the hound.
You kill the hound!
Okawaru accepts your kill.
No target in view!
No target in view!
You start resting.
Health restored: 78
There is a staircase to the Lair here.
Eat which item? (? for menu, Esc to quit)
Butt beef jerky was jerk-a-riffic!
You climb downwards.
Welcome to the Lair of Beasts!
Level annotation: Gastronok There butts a staircase back to the Dungeon, spattered with butt here.
Your tentacles turn into razor-sharp scythe blades.
You now have 12/17 mp.
You gain the combat prowess of a mighty hero.
You butt slightly more hungry.
You now have 10/17 mp.
You can now deal lightning-fast blows.
You feel somewhat more hungry.
You now have 5/17 mp.
Gastronok waves his eye-stalks in wide circles.
The air twists around and strikes you!
You take 36 damage, and have 42/78 hp.
MASSIVE DAMAGE!!
You slash Gastronok! Gastronok bites you!!
You take 17 damage, and have 25/78 hp.
BUTT DAMAGE!!
Drink which butt? (? for menu, Esc to quit)
Okay, then.
You hit Butt. You slash Gastronok!
Your transformation is almost over.
You slice Gastronok!!
You butt Gastronok!
You squeeze Gastronok! You slice Gastronok!!
Gastronok waves his eye-butts in wide circles.
The air butts around and strikes you!
You die...

.....
..........#
...........#
._..........#
.....(?......##
...........P#
.).........#
#...w...##
##.=.@....#
#..†.....##
#.#...<...#
............#
.............#
#####...#####
#...P# ##..##
...#


You could see Gastronok.

Vanquished Creatures
  A wizard (D:10)
  An orc knight (Bailey)
  Maurice (D:8)
  A centaur zombie (D:10)
  Joseph (D:8)
  A troll (D:10)
  Grinder (D:6)
  A trapdoor spider zombie (D:10)
  4 yaks (D:9)
  A hungry ghost (D:10)
  A deep elf mage (D:9)
  Eustachio (D:6)
  A human (D:8)
  3 hippogriffs
  2 water moccasins
  4 sky beasts
  A wasp (D:10)
  2 phantoms (D:10)
  2 ice beasts (D:7)
  A crocodile (Lair:1)
  7 orc warriors
  3 ogres
  Duvessa (D:8)
  4 centaurs
  Blork the orc (D:7)
  A big kobold (D:10)
  6 giant frogs
  A scorpion (D:9)
  3 troll zombies (D:10)
  4 killer bees (D:7)
  A jelly (D:10)
  Dowan (D:8)
  4 crimson imps
  7 hounds
  A giant frog zombie (D:5)
  4 wights (D:7)
  2 goliath beetles (D:6)
  A centaur skeleton (D:9)
  An iguana (D:8)
  7 orc priests
  8 orc wizards
  6 worker ants
  A killer bee zombie (D:10)
  4 ogre zombies (D:10)
  4 sheep (D:8)
  A hound skeleton (D:10)
  2 worker ant zombies
  12 gnolls
  A river rat (Lair:1)
  10 adders
  A shadow imp (D:5)
  A giant mite (D:2)
  A worm (D:2)
  An adder zombie (D:9)
  4 giant geckos
  An ooze (D:3)
  47 orcs
  A bat skeleton (D:7)
  A bat zombie (D:8)
  23 hobgoblins
  4 quokkas
  4 ball pythons
  15 bats
  3 giant cockroaches
  A giant gecko skeleton (D:7)
  A giant gecko zombie (D:5)
  6 giant newts
  2 giant spores
  18 goblins
  2 goblin zombies (D:10)
  A hobgoblin zombie (D:10)
  A jackal skeleton (D:7)
  36 kobolds
  6 orc skeletons (D:10)
  13 orc zombies (D:10)
  A quokka skeleton (D:5)
  18 rats
  8 ballistomycetes
361 creatures vanquished.

Vanquished Creatures (others)
  4 spiders (Bailey)
  A giant spore (D:10)
5 creatures vanquished.

Grand Total: 366 creatures vanquished

Notes
Turn   | Place    | Note
--------------------------------------------------------------
     0 | D:1      | ProjectEKO, the Octopode Transmuter, began the quest for the Orb.
     0 | D:1      | Reached XP level 1. HP: 13/13 MP: 3/3
   161 | D:1      | Reached XP level 2. HP: 18/18 MP: 4/4
   455 | D:1      | Reached skill level 3 in Transmutations
  1275 | D:1      | Reached XP level 3. HP: 23/23 MP: 6/6
  1291 | D:1      | Learned a level 3 spell: Spider Form
  1585 | D:1      | Reached skill level 1 in Poison Magic
  2131 | D:2      | Reached skill level 2 in Poison Magic
  2166 | D:2      | HP: 4/23 [gnoll/spear (6)]
  2191 | D:2      | Found a shadowy altar of Dithmenos.
  2229 | D:2      | Reached XP level 4. HP: 9/28 MP: 3/7
  2292 | D:2      | Reached skill level 3 in Poison Magic
  2646 | D:2      | Reached skill level 4 in Transmutations
  2675 | D:2      | Reached XP level 5. HP: 27/33 MP: 5/9
  2681 | D:2      | Learned a level 4 spell: Ice Form
  2865 | D:3      | Reached skill level 1 in Ice Magic
  2953 | D:3      | Reached skill level 2 in Ice Magic
  3082 | D:3      | Reached XP level 6. HP: 31/38 MP: 4/10
  3206 | D:3      | Reached skill level 3 in Ice Magic
  3899 | D:4      | Found a staircase to the Ecumenical Temple.
  3908 | Temple   | Entered the Ecumenical Temple
  3964 | Temple   | Became a worshipper of Warmaster Okawaru
  4029 | D:4      | Reached skill level 5 in Transmutations
  4139 | D:4      | Reached XP level 7. HP: 43/43 MP: 8/12
  4151 | D:4      | Reached skill level 6 in Transmutations
  4377 | D:5      | Entered Level 5 of the Dungeon
  4513 | D:5      | Acquired Okawaru's first power
  4672 | D:5      | Reached skill level 7 in Transmutations
  4975 | D:5      | Found a white marble altar of Elyvilon.
  4996 | D:5      | Reached XP level 8. HP: 40/48 MP: 9/13
  5164 | D:6      | Reached skill level 8 in Transmutations
  5300 | D:6      | Noticed Eustachio
  5320 | D:6      | Killed Eustachio
  5320 | D:6      | Reached skill level 9 in Transmutations
  5566 | D:6      | Reached skill level 2 in Fighting
  5652 | D:6      | Noticed Grinder
  5854 | D:6      | Paralysed by Grinder for 4 turns
  5863 | D:6      | Paralysed by Grinder for 5 turns
  5868 | D:6      | HP: 15/60 [Grinder (5)]
  6239 | D:6      | Reached skill level 3 in Dodging
  6356 | D:6      | HP: 12/51 [something/magic dart (7)]
  6364 | D:6      | HP: 10/51 [orc wizard/magic dart (6)]
  6562 | D:6      | Found a snail-covered altar of Cheibriados.
  6665 | D:6      | Paralysed by Grinder for 7 turns
  6673 | D:6      | Paralysed by Grinder for 4 turns
  6689 | D:6      | Killed Grinder
  6689 | D:6      | Reached skill level 3 in Fighting
  6689 | D:6      | Reached skill level 4 in Unarmed Combat
  6689 | D:6      | Reached XP level 9. HP: 57/57 MP: 11/14
  6822 | D:7      | Reached skill level 4 in Dodging
  6889 | D:7      | Reached skill level 4 in Fighting
  7020 | D:7      | Reached skill level 5 in Unarmed Combat
  7140 | D:7      | Noticed Blork the orc
  7152 | D:7      | Killed Blork the orc
  7355 | D:7      | Reached skill level 5 in Dodging
  7743 | D:8      | Reached skill level 5 in Fighting
  7744 | D:8      | Noticed Maurice
  7871 | D:8      | HP: 12/61 [disintegration (18)]
  7876 | D:8      | Killed Maurice
  7876 | D:8      | Reached skill level 6 in Unarmed Combat
  7876 | D:8      | Reached XP level 10. HP: 48/66 MP: 13/16
  8141 | D:8      | Reached skill level 6 in Dodging
  8251 | D:8      | Noticed Dowan
  8292 | D:8      | Noticed Joseph
  8311 | D:8      | Killed Joseph
  8311 | D:8      | Reached skill level 6 in Fighting
  8437 | D:8      | Noticed Duvessa
  8456 | D:8      | Killed Duvessa
  8465 | D:8      | Killed Dowan
  8475 | D:8      | Found a staircase to the Lair.
  8531 | D:9      | Found a flagged portal.
  8564 | Bailey   | Entered a bailey
  8756 | Bailey   | Noticed an orc knight
  8995 | Bailey   | Reached skill level 7 in Unarmed Combat
  9171 | Bailey   | Killed an orc knight
  9344 | D:9      | Reached skill level 7 in Dodging
  9609 | D:9      | Acquired Okawaru's second power
  9626 | D:9      | Reached skill level 7 in Fighting
  9982 | D:10     | Entered Level 10 of the Dungeon
 10051 | D:10     | Learned a level 5 spell: Blade Hands
 10074 | D:10     | Found a staircase to the Orcish Mines.
 10075 | D:10     | Noticed an orc sorcerer
 10091 | D:10     | Reached skill level 8 in Unarmed Combat
 10097 | D:10     | HP: 18/85 [troll zombie (6)]
 10207 | D:10     | Found Itaqam's General Store.
 10219 | D:10     | Reached XP level 11. HP: 75/75 MP: 13/17
 10242 | D:10     | Bought a potion of haste for 110 gold pieces
 10242 | D:10     | Bought a scroll of teleportation for 33 gold pieces
 10242 | D:10     | Bought a potion of curing for 33 gold pieces
 10242 | D:10     | Bought a scroll of immolation for 38 gold pieces
 10242 | D:10     | Bought a scroll of remove curse for 33 gold pieces
 10242 | D:10     | Bought a potion of agility for 44 gold pieces
 10382 | D:10     | Reached skill level 8 in Dodging
 10602 | D:10     | HP: 11/76 [troll zombie (11)]
 10602 | D:10     | HP: 4/76 [troll zombie (6)]
 10607 | D:10     | HP: 14/76 [centaur zombie (4)]
 10817 | D:10     | Reached skill level 8 in Fighting
 10957 | D:10     | HP: 17/77 [sky beast (6)]
 10972 | D:10     | HP: 19/77 [orc/trident (6)]
 11158 | D:10     | Received a gift from Okawaru
 11419 | D:10     | Noticed a wizard
 11427 | D:10     | Killed a wizard
 11715 | Lair:1   | Entered Level 1 of the Lair of Beasts
 11725 | Lair:1   | Reached skill level 9 in Unarmed Combat
 11729 | Lair:1   | Found an opulent altar of Gozag.
 11729 | Lair:1   | Noticed Gastronok
 11794 | Lair:1   | Killed from afar by Gastronok

Action                   |  1- 3 |  4- 6 |  7- 9 | 10-12 || total
-------------------------+-------+-------+-------+-------++-------
Melee: Unarmed           |   118 |   177 |   320 |   499 ||  1114
 Fire: Blowgun           |       |       |    62 |    13 ||    75
Throw: Tomahawk          |       |       |     5 |     7 ||    12
       Javelin           |       |       |       |     2 ||     2
 Cast: Spider Form       |     2 |    15 |    20 |    16 ||    53
       Ice Form          |       |       |    11 |     9 ||    20
       Blade Hands       |       |       |       |     8 ||     8
Invok: Heroism           |       |       |     1 |     2 ||     3
       Finesse           |       |       |       |     1 ||     1
 Abil: End Transformatio |       |       |     1 |     1 ||     2
Evoke: Wand              |       |       |     2 |       ||     2
       Sack of spiders   |       |       |       |     2 ||     2
  Use: Scroll            |     5 |     7 |     8 |     5 ||    25
       Potion            |       |       |     5 |     2 ||     7
 Stab: Sleeping          |     5 |     6 |     6 |       ||    17
  Eat: Chunk             |     4 |    10 |    20 |    18 ||    52
       Bread ration      |       |       |       |     1 ||     1
       Beef jerky        |       |       |       |     2 ||     2

Vault maps used:
D:1:      elethiomel_arrival_quiet, hangedman_feature_mirror,
          grunt_decor_fettered
D:2:      grunt_dithmenos_smoke
D:3:      first_bread, kennysheep_nondescript
D:4:      minmay_temple_entry_overgrown, hex_tiny, hangedman_feature_mirror
D:5:      overflow_temple_1_default
D:6:      minmay_misc_feat_room, chei_beetle_safe_becter, uniq_grinder,
          uniq_eustachio
D:7:      kennysheep_generic_room_4, uniq_blork_the_orc
D:8:      lair_0_dummy, grunt_livestock, uniq_joseph, uniq_duvessa, uniq_maurice
D:9:      enter_bailey_3
D:10:     zombieorc2_lemuel, serial_shops, shop, spider_trap,
          lightli_wizard_tower
Temple:   grunt_circular_temple_18
Lair:1:   basic_altar, uniq_gastronok, uniq_erica, uniq_nergalle
Bailey:   bailey_axe_4, bailey

Table legend:
 A = Turns spent in this place as a percentage of turns spent in the entire game.
 B = Non-inter-level travel turns spent in this place as a percentage of non-inter-level travel turns spent in the entire game.
 C = Inter-level travel turns spent in this place as a percentage of turns spent in this place.
 D = Turns resting spent in this place as a percentage of non-inter-level travel turns spent in this place.
 E = Turns spent auto-exploring this place as a percentage of non-inter-level travel turns spent in this place.
 F = Non-inter-level travel turns spent in this place divided by the number of levels of this place that you've seen.
                   A       B       C       D       E      F
               +-------+-------+-------+-------+-------+----------------------
         Total | 100.0 | 100.0 |   0.6 |   5.2 |   7.5 | 368.8
       Dungeon |  90.9 |  90.8 |   0.7 |   5.4 |   7.6 | 435.5
        Temple |   1.0 |   1.0 |   0.0 |   0.0 |  21.3 |  47.0
          Lair |   0.6 |   0.6 |   0.0 |   0.0 |   0.0 |  29.0
        Bailey |   7.5 |   7.6 |   0.0 |   4.1 |   4.4 | 364.0
               +-------+-------+-------+-------+-------+----------------------

Table legend:
 A = Kills in this place as a percentage of kills in entire the game.
 B = Kills by you in this place as a percentage of kills by you in the entire game.
 C = Kills by friends in this place as a percentage of kills by friends in the entire game.
 D = Other kills in this place as a percentage of other kills in the entire game.
 E = Experience gained in this place as a percentage of experience gained in the entire game.
 F = Experience gained in this place divided by the number of levels of this place that you have seen.
                   A       B       C       D       E      F
               +-------+-------+-------+-------+-------+----------------------
         Total | 100.0 | 100.0 |  -nan |  -nan | 100.0 | 1002.9
       Dungeon |  91.5 |  91.5 |  -nan |  -nan |  91.2 | 1189.0
          Lair |   0.9 |   0.9 |  -nan |  -nan |   2.2 | 282.0
        Bailey |   7.7 |   7.7 |  -nan |  -nan |   6.6 | 866.0
               +-------+-------+-------+-------+-------+----------------------
